Map: Washout LE

Players

Dymanik - Winner!

  • Race: Zerg Zerg

CaptainBear

  • Race: Protoss Protoss

VOD

Have the link to the VOD?

Description

Time

  • Played on: Sept. 11, 2026, 6:51 p.m.
  • Length: 12:07
Show
View Real Time Build Order
Export as new Build Order

Dymanik Zerg - Winner!

Build Orders: Hatch First 

Get SALT Encoding   

  8  0:01  Drone  
  9  0:11  Drone  
  10  0:18  Drone  
  11  0:23  Drone  
  12  0:33  Overlord  
  12  0:40  Extractor  
  12  0:41  Drone  
  13  0:51  Drone  
  13  0:55  Drone  
  15  1:05  Drone  
  16  1:17  Hatchery  
  15  1:21  Drone  
  16  1:26  Drone  
  17  1:37  Spawning Pool  
  16  1:43  Drone  
  16  1:44  Drone  
  18  1:58  Extractor  
  18  1:59  Drone  
  18  2:03  Drone  
  19  2:11  Overlord  
  19  2:28  Queen  
  19  2:29  Queen  
  21  2:35  Drone x3  
  26  2:48  Drone  
  26  2:49  Drone  
  28  3:01  Drone  
  28  3:02  Drone x2, Overlord  
  31  3:14  Overlord x2  
  31  3:24  Lair  
  31  3:50  Metabolic Boost  
  31  3:53  Queen  
  33  4:10  Hatchery  
  32  4:20  Roach Warren  
  32  4:21  Drone x2  
  32  4:23  Extractor  
  32  4:34  Queen x2  
  36  4:58  Drone  
  36  4:59  Drone x11  
  48  5:20  Glial Reconstitution  
  48  5:21  Queen  
  50  5:40  Overlord  
  50  5:41  Overlord x8  
  50  6:14  Spire  
  50  6:15  Drone x2  
  51  6:28  Drone  
  51  6:29  Drone x7  
  59  6:38  Drone x14  
  73  6:50  Extractor  
  73  6:51  Extractor  
  73  6:54  Extractor x2  
  69  7:01  Zergling x2  
  69  7:02  Zergling x14  
  69  7:07  Overlord  
  69  7:08  Overlord x3  
  77  7:23  Drone x2  
  77  7:24  Drone x6  
  81  7:43  Mutalisk x4  
  81  7:44  Mutalisk x3  
  91  7:58  Spine Crawler, Mutalisk  
  91  7:59  Mutalisk x4  
  91  8:00  Spine Crawler  
  99  8:32  Zerg Flyer Armor Level 1  
  99  8:34  Mutalisk  
  99  8:35  Mutalisk x3  
  107  8:56  Roach  
  107  8:57  Roach x15, Hatchery  
  132  9:31  Roach  
  132  9:32  Roach x7  
  148  9:48  Overlord  
  148  9:49  Overlord x13  
  136  10:29  Mutalisk  
  136  10:30  Mutalisk x12  
  162  10:49  Drone  
  161  10:50  Drone x12  
  151  11:19  Hatchery  
  141  11:28  Zergling x2  
  141  11:29  Zergling x20  
  142  11:38  Hatchery  
Show
View Real Time Build Order
Export as new Build Order

CaptainBear Protoss 

Build Orders: Double Forge 

Get SALT Encoding   

  8  0:00  Probe  
  9  0:12  Probe  
  10  0:24  Probe  
  11  0:34  Pylon  
  11  0:37  Probe (Chrono Boost)  
  12  0:49  Probe (Chrono Boost)  
  13  0:54  Probe (Chrono Boost)  
  14  1:05  Probe  
  15  1:12  Gateway  
  15  1:17  Probe (Chrono Boost)  
  16  1:22  Assimilator  
  16  1:32  Probe (Chrono Boost)  
  17  1:43  Probe  
  18  1:55  Probe  
  19  2:06  Nexus  
  19  2:12  Probe (Chrono Boost)  
  20  2:19  Cybernetics Core  
  20  2:24  Probe (Chrono Boost)  
  21  2:35  Pylon  
  21  2:44  Assimilator  
  21  2:53  Zealot, Probe  
  21  2:54  Pylon  
  21  2:58  Warp Gate (Chrono Boost)  
  24  3:05  Probe  
  25  3:12  Gateway  
  25  3:18  Probe (Chrono Boost)  
  26  3:26  Stalker (Chrono Boost)  
  26  3:29  Probe (Chrono Boost)  
  29  3:42  Gateway  
  29  3:45  Stalker, Gateway  
  29  3:47  Probe  
  32  3:50  Probe  
  33  4:00  Probe  
  34  4:24  Forge  
  34  4:27  Forge  
  34  4:32  Probe (Chrono Boost), Shield Battery  
  34  4:33  Shield Battery  
  34  4:37  Probe (Chrono Boost)  
  36  4:42  Robotics Facility  
  36  4:43  Probe (Chrono Boost)  
  38  4:45  Probe (Chrono Boost)  
  38  4:54  Sentry  
  38  4:56  Pylon  
  38  4:58  Protoss Ground Weapons Level 1 (Chrono Boost), Pylon  
  40  5:03  Probe  
  40  5:04  Probe  
  42  5:16  Sentry  
  42  5:20  Probe (Chrono Boost), Protoss Ground Armor Level 1 (Chrono Boost)  
  46  5:25  Probe (Chrono Boost)  
  46  5:27  Assimilator x2  
  46  5:29  Observer (Chrono Boost)  
  46  5:31  Probe (Chrono Boost)  
  46  5:34  Probe (Chrono Boost)  
  49  5:41  Observer (Chrono Boost)  
  50  5:56  Immortal  
  54  6:05  Probe  
  54  6:06  Probe  
  56  6:18  Probe x2  
  58  6:24  Zealot  
  58  6:25  Sentry, Zealot  
  64  6:36  Nexus, Observer (Chrono Boost)  
  64  6:39  Probe  
  66  6:40  Pylon  
  66  6:42  Pylon  
  66  6:44  Pylon  
  66  6:45  Assimilator  
  66  6:47  Pylon  
  66  6:48  Assimilator  
  66  6:58  Probe, Immortal  
  71  7:06  Photon Cannon  
  71  7:12  Zealot x2  
  71  7:13  Sentry, Stalker  
  79  7:21  Probe x2  
  81  7:31  Gateway  
  80  7:43  Zealot  
  82  7:51  Probe x3  
  85  7:59  Protoss Shields Level 1 (Chrono Boost)  
  85  8:03  Probe  
  85  8:16  Twilight Council  
  85  8:17  Stalker  
  85  8:18  Stalker x3, Gateway  
  93  8:20  Gateway  
  93  8:27  Photon Cannon  
  93  8:30  Photon Cannon  
  93  8:33  Pylon, Photon Cannon  
  93  8:35  Photon Cannon  
  93  8:36  Pylon  
  93  8:37  Photon Cannon  
  93  8:40  Photon Cannon  
  93  8:41  Photon Cannon  
  93  8:42  Probe x2  
  93  8:43  Probe  
  96  8:56  Stalker x2  
  96  8:58  Gateway, Sentry  
  96  9:01  Probe (Chrono Boost)  
  104  9:05  Probe (Chrono Boost)  
  104  9:07  Stalker  
  102  9:18  Stalker x3  
  101  9:25  Blink (Chrono Boost)  
  101  9:31  Probe  
  102  9:38  Pylon  
  102  9:40  Pylon  
  102  9:43  Probe  
  103  9:46  Photon Cannon  
  103  9:49  Photon Cannon x2  
  103  9:55  Probe  
  104  10:01  Photon Cannon  
  104  10:02  Photon Cannon  
  104  10:05  Stalker  
  104  10:06  Stalker  
  99  10:07  Probe  
  99  10:13  Stalker  
  98  10:16  Stalker  
  98  10:19  Probe  
  99  10:21  Stalker  
  99  10:29  Stalker  
  99  10:31  Stalker  
  103  10:42  Stalker x2  
  107  11:00  Pylon  
  107  11:01  Pylon  
  95  11:13  Stalker x3  
  95  11:15  Stalker  
  95  11:16  Stalker x2  
  94  11:34  Zealot  
  94  11:35  Zealot  
  94  11:36  Stalker x2  
Tags
 
Add a new tag
Caveats
  • Supply blocks, unpowered buildings, or Contaminate may cause inaccurate times.
  • Supply counts are checked every 10 seconds.